 Dungeon Sprint DCSS version 0.22.1-1-ga44c0e5 (webtiles) character file.

531640 HoaS the Conqueror (level 22, -14/169 HPs)
             Began as a Gargoyle Berserker on Oct 17, 2018.
             Was the Champion of Trog.
             Killed from afar by Asmodeus (29 damage)
             ... with damnation
             ... in the Dungeon (Sprint IX: "|||||||||||||||||||||||||||||").
             The game lasted 00:56:45 (9328 turns).

HoaS the Conqueror (Gargoyle Berserker)             Turns: 9328, Time: 00:56:46

Health: -14/169    AC: 62    Str: 30    XL:     22   Next: 65%
Magic:  31/39      EV: 24    Int:  8    God:    Trog [******]
Gold:   771        SH:  0    Dex: 18    Spells: 29/29 levels left

rFire    . . .     SeeInvis .     - Unarmed
rCold    + . .     Gourm    .   (no shield)
rNeg     + . .     Faith    .   m - +4 gold dragon scales
rPois    ∞         Spirit   .   i - +1 helmet
rElec    +         Reflect  .   t - +2 cloak
rCorr    .         Harm     .   w - +2 pair of gloves
MR       +....     NoTele   +   d - +1 pair of boots
Stlth    +++.......             o - amulet of regeneration
HPRegen  0.78/turn              n - ring "Heceq" {Str+3 Dex+9 Slay+6}
MPRegen  0.26/turn              C - +2 ring of slaying

@: fire vulnerable, berserk cooldown, flying, slowed, very slow
A: big wings, dopey 1, negative energy resistance 1, electricity resistance,
weak 1, unbreathing, petrification resistance, rot immunity, AC +16
}: 9/17 runes: decaying, serpentine, barnacled, slimy, elven, silver, golden,
abyssal, gossamer
a: Stop Flying, Berserk, Trog's Hand, Brothers in Arms, Renounce Religion


You were in the Dungeon.
You worshipped Trog.
Trog was exalted by your worship.
You were not hungry.

You visited 1 branch You collected 1939 gold pieces.
You spent 1168 gold pieces at shops.

Inventory:

Armour
 d - a +1 pair of boots (worn)
 i - a +1 helmet (worn)
 m - +4 gold dragon scales (worn)
 t - a +2 cloak (worn)
 w - a +2 pair of gloves (worn)
Jewellery
 n - the ring "Heceq" (left hand) {Str+3 Dex+9 Slay+6}
   (You bought it in a shop in the Dungeon)

   [ring of strength]

   It affects your strength (+3).
   It affects your dexterity (+9).
   It affects your accuracy and damage with ranged weapons and melee attacks
   (+6).
 o - an amulet of regeneration (around neck)
 q - the ring "Zeusiv" {Fire +Blink Int+2 Dex-2 SInv}
   (You found it in the Dungeon)

   [ring of fire]

   It enhances your fire magic.
   It affects your intelligence (+2).
   It affects your dexterity (-2).
   It protects you from fire.
   It makes you vulnerable to cold.
   It lets you see invisible.
   It lets you blink.
 x - the ring "Daxko" {AC+4 Int+2}
   (You found it in the Dungeon)

   [ring of protection]

   It affects your AC (+4).
   It affects your intelligence (+2).
 y - the ring "Qotaxus" {*Drain MR+ Str+2 Int+5 SInv}
   (You found it in the Dungeon)

   [ring of protection from magic]

   It affects your strength (+2).
   It affects your intelligence (+5).
   It affects your resistance to hostile enchantments.
   It lets you see invisible.
   It causes draining when unequipped.
 z - the ring of Jukeinuhass {Int+2 SInv Stlth+}
   (You found it in the Dungeon)

   [ring of stealth]

   It affects your intelligence (+2).
   It lets you see invisible.
   It makes you more stealthy.
 A - the ring "Zoerphuf" {rElec rF+++ rC- MR+ Int+8}
   (You found it in the Dungeon)

   [ring of protection from magic]

   It affects your intelligence (+8).
   It renders you almost immune to fire.
   It makes you vulnerable to cold.
   It insulates you from electricity.
   It affects your resistance to hostile enchantments.
 C - a +2 ring of slaying (right hand)
Wands
 k - a wand of iceblast (20)
Scrolls
 f - 6 scrolls of remove curse
 h - 5 scrolls of blinking
 p - 6 scrolls of fear
 s - 11 scrolls of fog
 v - 6 scrolls of identify
Potions
 a - 3 potions of agility
 c - 15 potions of curing
 e - 7 potions of haste
 g - 3 potions of berserk rage
 j - a potion of invisibility
 r - 2 potions of might
 u - 2 potions of flight
Comestibles
 b - 6 rations


   Skills:
 O Level 27 Fighting
 O Level 27 Throwing
 O Level 27 Armour
 O Level 27 Dodging
 O Level 27 Stealth
 O Level 27 Unarmed Combat
 - Level 4.2 Spellcasting
 O Level 27 Evocations


You had 29 spell levels left.
You didn't know any spells.
Your spell library was empty.

Dungeon Overview and Level Annotations

Branches:
Dungeon (1/1)

Altars:
Cheibriados
Dithmenos
Elyvilon
Fedhas
Gozag
Hepliaklqana
Kikubaaqudgha
Makhleb
Nemelex Xobeh
Okawaru
Qazlal
Ru
Sif Muna
Trog
Uskayaw
Vehumet
Wu Jian
Xom
Yredelemnul
Zin
The Shining One
Beogh
Jiyva
Lugonu

Shops:
D =%==

Annotations:
D Asmodeus, Cerebov, Lom Lobon


Innate Abilities, Weirdness & Mutations

You are resistant to torment.
Your stone body is resilient. (AC +16)
You are immune to poison.
Your large and strong wings let you fly indefinitely.
You resist negative energy. (rN+)
You are resistant to electric shocks. (rElec)
You can survive without breathing.
You are immune to petrification.
You are immune to rotting.
You are dopey. (Int -2)
You are weak. (Str -2)


Message History

Lom Lobon blinks!
Cerebov misses you.
You hit Cerebov but do no damage.
Cerebov is heavily wounded.
Lom Lobon gestures. 2 ball lightnings come into view.
You barely miss Cerebov.
Cerebov is heavily wounded.
Cerebov hits you but does no damage.
The Ice Fiend is engulfed in blazing flames.
The Ice Fiend dies!
The ball lightning explodes!
The blast of lightning engulfs Lom Lobon.
Lom Lobon completely resists.
The blast of lightning engulfs the ball lightning.
The ball lightning completely resists.
The blast of lightning engulfs you!
The blast of lightning engulfs Cerebov.
Cerebov appears unharmed.
Asmodeus gestures at you.
The sphere of damnation explodes!
The damnation engulfs Cerebov.
Cerebov completely resists.
The damnation engulfs Asmodeus.
Asmodeus completely resists.
The damnation engulfs you!
You die...

†▓.▓.▓.▓.▓.▓.▓.▓
'▓.▓.▓.▓.▓.▓.▓.▓.▓
.▓.▓.▓.▓.▓.▓.▓.▓*▓
.▓.▓)▓.▓)▓.▓.▓.▓*▓
.▓.▓(▓.▓.▓.▓)▓.▓R▓
.▓.▓.▓.▓.▓.▓'▓.▓§▓
.▓.▓.▓.▓.▓.▓.▓.▓&▓
.▓.▓.▓.▓.▓.▓.▓.▓&▓
.▓.▓.▓.▓)▓.▓.▓.▓@▓
)▓.▓.▓.▓.▓.▓.▓.▓&▓
)▓.▓.▓.▓.▓.▓.▓.▓*▓
)▓.▓.▓.▓.▓.▓.▓.▓(▓
[▓.▓[▓.▓'▓.▓.▓.▓.▓
.▓.▓)▓.▓.▓.▓.▓.▓.▓
.▓.▓.▓.▓.▓.▓)▓.▓.▓
.▓.▓.▓.▓.▓.▓'▓.▓.▓
)▓.▓.▓.▓.▓.▓.▓.▓.▓


You could see Cerebov, Asmodeus, Lom Lobon, an efreet and 3 ball lightnings.

Vanquished Creatures
  the Royal Jelly (D)
  Gloorx Vloq (D)
  Mara (D)
  2 orbs of fire (D)
  5 ancient liches (D)
  Sojobo (D)
  Boris (D)
  4 greater mummies (D)
  Margery (D)
  Geryon (D)
  A curse toe (D)
  5 golden dragons (D)
  Nikola (D)
  A bone dragon (D)
  A Hell Sentinel (D)
  5 electric golems (D)
  4 liches (D)
  4 tentacled monstrosities (D)
  28 Orb Guardians (D)
  2 deep elf blademasters (D)
  3 quicksilver dragons (D)
  7 acid blobs (D)
  2 death cobs (D)
  13 sphinxes (D)
  Frances (D)
  8 shadow dragons (D)
  2 tengu reavers (D)
  Agnes (D)
  5 draconian monks (D)
  4 nagarajas (D)
  8 azure jellies (D)
  Ilsuiw (D)
  A large abomination (D)
  2 storm dragons (D)
  Donald (D)
  A draconian knight (D)
  4 ghost moths (D)
  3 frost giants (D)
  A draconian scorcher (D)
  2 deep elf sorcerers (D)
  4 draconian shifters (D)
  2 vault wardens (D)
  A cacodemon (D)
  3 emperor scorpions (D)
  Louise (D)
  A very ugly thing (D)
  4 stone giants (D)
  2 war gargoyles (D)
  5 ironheart preservers (D)
  6 vampire knights (D)
  3 green draconians (D)
  A deep elf demonologist (D)
  2 yellow draconians (D)
  A purple draconian (D)
  4 red draconians (D)
  2 black draconians (D)
  2 deep elf annihilators (D)
  4 white draconians (D)
  Snorg (D)
  3 ettins (D)
  2 merfolk javelineers (D)
  A death ooze (D)
  4 deep elf death magi (D)
  3 merfolk impalers (D)
  2 great orbs of eyes (D)
  2 fire dragons (D)
  6 mummy priests (D)
  3 deep elf high priests (D)
  25 vault guards (D)
  Harold (D)
  5 yaktaur captains (D)
  3 rakshasas (D)
  2 centaur warriors (D)
  8 hydras (D)
  4 ice dragons (D)
  4 naga warriors (D)
  3 two-headed ogres (D)
  A ghost crab (D)
  An anaconda (D)
  2 merfolk aquamancers (D)
  5 ogre magi (D)
  A deep troll shaman (D)
  2 vampire magi (D)
  A deep troll earth mage (D)
  A naga sharpshooter (D)
  3 tengu warriors (D)
  3 small abominations (D)
  A shock serpent (D)
  Urug (D)
  4 hell knights (D)
  A wretched star (D)
  A sixfirhy (D)
  2 shadow wraiths (D)
  2 spriggan druids (D)
  8 swamp dragons (D)
  A harpy (D)
  2 wizards (D)
  2 ironbrand convokers (D)
  5 orc knights (D)
  2 deep elf archers (D)
  A necromancer (D)
  3 orb spiders (D)
  5 wolf spiders (D)
  An orc sorcerer (D)
  2 deep elf magi (D)
  11 moths of wrath (D)
  2 cyclopes (D)
  A guardian serpent (shapeshifter) (D)
  3 black mambas (D)
  An elephant (D)
  4 guardian serpents (D)
  A smoke demon (D)
  4 naga magi (D)
  A spiny frog (D)
  2 vault sentinels (D)
  3 yaktaurs (D)
  A freezing wraith (D)
  A komodo dragon (D)
  2 demonic crawlers (D)
  18 guardian mummies (D)
  3 merfolk (D)
  A troll (shapeshifter) (D)
  A meliai (D)
  A wandering mushroom (D)
  A troll (D)
  4 polar bears (D)
  3 jumping spiders (D)
  A tyrant leech (D)
  A hornet (D)
  A blink frog (D)
  A bog body (D)
  3 hippogriffs (D)
  2 redbacks (D)
  12 spriggans (D)
  2 shadows (D)
  A spriggan (shapeshifter) (D)
  Eustachio (D)
  3 golden eyes (D)
  A basilisk (D)
  2 vampire mosquitoes (D)
  An acid dragon (D)
  A water moccasin (D)
  2 porcupines (D)
  A floating eye (D)
  9 orc warriors (D)
  5 black bears (D)
  2 ice beasts (D)
  7 ogres (D)
  2 wolves (D)
  A boggart (D)
  A centaur (D)
  2 crocodiles (D)
  3 bullfrogs (D)
  A howler monkey (D)
  A quasit (D)
  2 orc priests (D)
  3 orc wizards (D)
  A hound (D)
  An iguana (D)
  A worker ant (D)
  A shadow imp (D)
  An ufetubus (D)
  An adder skeleton (D)
  9 orcs (D)
  A bat zombie (D)
  A giant cockroach (D)
  A goblin (D)
  A hobgoblin (D)
  A bat (D)
  2 bat simulacra (D)
  A frilled lizard (D)
  A jackal skeleton (D)
  A kobold (D)
503 creatures vanquished.

Vanquished Creatures (collateral kills)
  An azure jelly (D)
  3 merfolk javelineers (D)
  A death ooze (D)
  4 merfolk impalers (D)
  2 merfolk avatars (D)
  A yaktaur (D)
12 creatures vanquished.

Vanquished Creatures (others)
  A swamp drake (D)
  A ball lightning (D)
2 creatures vanquished.

Grand Total: 517 creatures vanquished

Notes
Turn   | Place    | Note
-------+----------+-------------------------------------------
     0 | D        | HoaS the Gargoyle Berserker began the quest for the Orb.
     0 | D        | Reached XP level 1. HP: 14/14 MP: 1/1
    10 | D        | Reached ** piety under Trog
    63 | D        | Noticed an ogre
    63 | D        | Noticed an orc wizard
    82 | D        | Killed an orc wizard
    82 | D        | Reached *** piety under Trog
    82 | D        | Reached skill level 5 in Fighting
    82 | D        | Reached skill level 5 in Unarmed Combat
    82 | D        | Reached XP level 2. HP: 9/21 MP: 2/2
    82 | D        | Reached XP level 3. HP: 11/26 MP: 3/3
    89 | D        | Killed an ogre
    89 | D        | Reached skill level 5 in Armour
    89 | D        | Reached XP level 4. HP: 30/34 MP: 4/4
    89 | D        | Reached XP level 5. HP: 34/38 MP: 5/5
   205 | D        | Found a roughly hewn altar of Beogh.
   205 | D        | Found a snail-covered altar of Cheibriados.
   205 | D        | Found a shadowy altar of Dithmenos.
   205 | D        | Found a white marble altar of Elyvilon.
   205 | D        | Found a blossoming altar of Fedhas.
   205 | D        | Found an opulent altar of Gozag.
   206 | D        | Found a hazy altar of Hepliaklqana.
   207 | D        | Found a viscous altar of Jiyva.
   208 | D        | Found an ancient bone altar of Kikubaaqudgha.
   209 | D        | Found a corrupted altar of Lugonu.
   210 | D        | Found a burning altar of Makhleb.
   211 | D        | Found a sparkling altar of Nemelex Xobeh.
   212 | D        | Found an iron altar of Okawaru.
   213 | D        | Found a stormy altar of Qazlal.
   214 | D        | Found a sacrificial altar of Ru.
   215 | D        | Found a deep blue altar of Sif Muna.
   216 | D        | Found a bloodstained altar of Trog.
   217 | D        | Found a hide-covered altar of Uskayaw.
   218 | D        | Found a radiant altar of Vehumet.
   219 | D        | Found an ornate altar of the Wu Jian Council.
   220 | D        | Found a shimmering altar of Xom.
   221 | D        | Found a basalt altar of Yredelemnul.
   222 | D        | Found a glowing silver altar of Zin.
   223 | D        | Found a glowing golden altar of the Shining One.
   279 | D        | Noticed a centaur
   279 | D        | Noticed a hippogriff
   289 | D        | Reached **** piety under Trog
   303 | D        | Killed a hippogriff
   303 | D        | Reached skill level 10 in Fighting
   303 | D        | Reached XP level 6. HP: 45/48 MP: 6/6
   317 | D        | Reached ***** piety under Trog
   317 | D        | Received a gift from Trog
   317 | D        | Reached XP level 7. HP: 49/53 MP: 7/7
   342 | D        | Noticed a troll
   342 | D        | Noticed a five-headed hydra
   342 | D        | Noticed a deep elf mage
   346 | D        | Killed a deep elf mage
   346 | D        | Reached XP level 8. HP: 60/60 MP: 8/8
   351 | D        | Killed a five-headed hydra
   358 | D        | Killed a troll
   358 | D        | Reached skill level 10 in Armour
   358 | D        | Reached XP level 9. HP: 68/68 MP: 9/9
   532 | D        | Noticed a komodo dragon
   547 | D        | Received a gift from Trog
   548 | D        | Found the +9 heavy crossbow "Sniper" {velocity, Acc+∞ SInv}
   561 | D        | Killed a komodo dragon
   571 | D        | Reached ****** piety under Trog
   574 | D        | Received a gift from Trog
   621 | D        | Noticed a spiny frog
   621 | D        | Noticed a polar bear
   627 | D        | Reached skill level 15 in Fighting
   627 | D        | Noticed an elephant
   629 | D        | Noticed a six-headed hydra
   641 | D        | Killed a polar bear
   641 | D        | Reached XP level 10. HP: 60/76 MP: 10/10
   646 | D        | Killed a spiny frog
   649 | D        | Killed an elephant
   656 | D        | Killed a six-headed hydra
   656 | D        | Reached skill level 15 in Unarmed Combat
   680 | D        | Received a gift from Trog
   776 | D        | Noticed Eustachio
   787 | D        | Killed Eustachio
   787 | D        | Received a gift from Trog
   878 | D        | Received a gift from Trog
   904 | D        | Noticed an orc knight
   921 | D        | Killed an orc knight
   921 | D        | Received a gift from Trog
   921 | D        | Reached XP level 11. HP: 85/85 MP: 11/11
  1010 | D        | Noticed an orc knight
  1010 | D        | Noticed an orc knight
  1100 | D        | Killed an orc knight
  1240 | D        | Killed an orc knight
  1334 | D        | Noticed an orc sorcerer
  1340 | D        | Noticed a soul eater
  1348 | D        | Noticed a sixfirhy
  1386 | D        | Killed an orc sorcerer
  1393 | D        | Received a gift from Trog
  1518 | D        | Found Esteseos's Jewellery Boutique.
  1518 | D        | Noticed a two-headed ogre
  1518 | D        | Noticed an ogre mage
  1519 | D        | Noticed an ogre mage
  1521 | D        | Noticed a two-headed ogre
  1525 | D        | Killed an ogre mage
  1533 | D        | Killed a two-headed ogre
  1534 | D        | Received a gift from Trog
  1535 | D        | Found Ykufaal's Jewellery Shop.
  1538 | D        | Killed an ogre mage
  1543 | D        | Killed a two-headed ogre
  1544 | D        | Found Kus Baon's Food Boutique.
  1550 | D        | Noticed a two-headed ogre
  1567 | D        | Killed a two-headed ogre
  1615 | D        | Noticed an ogre mage
  1617 | D        | Noticed an ogre mage
  1624 | D        | Killed an ogre mage
  1624 | D        | Received a gift from Trog
  1624 | D        | Reached XP level 12. HP: 86/95 MP: 12/12
  1629 | D        | Killed an ogre mage
  1680 | D        | Found Isetiuc's Jewellery Shop.
  1710 | D        | Bought the ring "Heceq" {Str+3 Dex+9 Slay+6} for 868 gold
                  | pieces
  1717 | D        | Bought an uncursed amulet of regeneration for 300 gold
                  | pieces
  1777 | D        | Noticed Harold
  1790 | D        | Killed Harold
  1790 | D        | Received a gift from Trog
  1805 | D        | Noticed Urug
  1830 | D        | Killed Urug
  1876 | D        | Found the +7 great mace "Firestarter" {inner flame, rF++}
  1938 | D        | Noticed an eight-headed hydra
  1938 | D        | Noticed a centaur warrior
  1943 | D        | Noticed a centaur warrior
  1948 | D        | Killed a centaur warrior
  1952 | D        | Killed an eight-headed hydra
  1952 | D        | Reached skill level 15 in Armour
  1956 | D        | Noticed an ettin
  1961 | D        | Noticed a rakshasa
  1962 | D        | Killed a centaur warrior
  1963 | D        | Noticed a tengu warrior
  1968 | D        | Killed an ettin
  1970 | D        | Received a gift from Trog
  1977 | D        | Killed a rakshasa
  2015 | D        | Killed a tengu warrior
  2015 | D        | Paralysed by a wizard for 4 turns
  2052 | D        | Noticed an ettin
  2058 | D        | Killed an ettin
  2058 | D        | Received a gift from Trog
  2194 | D        | Killed a ghost moth
  2194 | D        | Reached XP level 13. HP: 88/104 MP: 0/13
  2195 | D        | Received a gift from Trog
  2297 | D        | Noticed a merfolk impaler
  2297 | D        | Noticed a merfolk javelineer
  2297 | D        | Noticed a merfolk impaler
  2298 | D        | Noticed a merfolk impaler
  2310 | D        | Killed a merfolk impaler
  2325 | D        | Killed a merfolk javelineer
  2329 | D        | Killed a merfolk impaler
  2329 | D        | Received a gift from Trog
  2334 | D        | Killed a merfolk impaler
  2434 | D        | Received a gift from Trog
  2518 | D        | Received a gift from Trog
  2579 | D        | Received a gift from Trog
  2689 | D        | Noticed Snorg
  2698 | D        | Killed Snorg
  2698 | D        | Received a gift from Trog
  2766 | D        | Noticed Donald
  2784 | D        | Killed Donald
  2867 | D        | Noticed an emperor scorpion
  2876 | D        | Killed an emperor scorpion
  2876 | D        | Gained mutation: Your large and strong wings let you fly
                  | indefinitely. [Gargoyle growth]
  2876 | D        | Reached XP level 14. HP: 106/114 MP: 14/14
  2907 | D        | Received a gift from Trog
  2925 | D        | Noticed a quicksilver dragon
  2967 | D        | Killed a quicksilver dragon
  2967 | D        | Received a gift from Trog
  2978 | D        | Paralysed by a great orb of eyes for 5 turns
  3054 | D        | Noticed a frost giant
  3056 | D        | Noticed a stone giant
  3061 | D        | Killed a frost giant
  3061 | D        | Received a gift from Trog
  3075 | D        | Killed a stone giant
  3209 | D        | Noticed a vault warden
  3236 | D        | Killed a vault warden
  3244 | D        | Received a gift from Trog
  3467 | D        | Received a gift from Trog
  3648 | D        | Noticed a vault warden
  3655 | D        | Noticed an ironheart preserver
  3671 | D        | Noticed an ironheart preserver
  3675 | D        | Killed a vault warden
  3679 | D        | Received a gift from Trog
  3687 | D        | Killed an ironheart preserver
  3692 | D        | Reached XP level 15. HP: 123/124 MP: 15/15
  3695 | D        | Received a gift from Trog
  4115 | D        | Noticed Nikola
  4119 | D        | Noticed Frances
  4132 | D        | Killed Nikola
  4132 | D        | Received a gift from Trog
  4141 | D        | Killed Frances
  4208 | D        | Noticed Agnes
  4218 | D        | Killed Agnes
  4243 | D        | Noticed a nagaraja
  4243 | D        | Noticed a nagaraja
  4257 | D        | Killed a nagaraja
  4268 | D        | Received a gift from Trog
  4274 | D        | Received a gift from Trog
  4279 | D        | Reached skill level 27 in Fighting
  4281 | D        | Killed a nagaraja
  4285 | D        | Noticed a nagaraja
  4294 | D        | Killed a nagaraja
  4294 | D        | Received a gift from Trog
  4300 | D        | Noticed a nagaraja
  4312 | D        | Killed a nagaraja
  4367 | D        | Got a serpentine rune of Zot
  4375 | D        | Noticed an emperor scorpion
  4379 | D        | Received a gift from Trog
  4389 | D        | Killed an emperor scorpion
  4394 | D        | Killed a ghost moth
  4403 | D        | Killed a ghost moth
  4407 | D        | Received a gift from Trog
  4463 | D        | Noticed an emperor scorpion
  4469 | D        | Killed a ghost moth
  4476 | D        | Killed an emperor scorpion
  4481 | D        | Got a gossamer rune of Zot
  4543 | D        | Noticed Ilsuiw
  4558 | D        | Killed Ilsuiw
  4558 | D        | Reached skill level 27 in Unarmed Combat
  4558 | D        | Reached XP level 16. HP: 107/133 MP: 12/16
  4563 | D        | Received a gift from Trog
  4579 | D        | Received a gift from Trog
  4599 | D        | Got a barnacled rune of Zot
  4680 | D        | Received a gift from Trog
  4727 | D        | Received a gift from Trog
  4739 | D        | Got a decaying rune of Zot
  4864 | D        | Received a gift from Trog
  4919 | D        | Received a gift from Trog
  4932 | D        | Reached skill level 27 in Armour
  4943 | D        | Received a gift from Trog
  4946 | D        | Reached skill level 5 in Dodging
  4970 | D        | Received a gift from Trog
  5075 | D        | Noticed a lich
  5089 | D        | Reached skill level 10 in Dodging
  5100 | D        | Killed a lich
  5104 | D        | Received a gift from Trog
  5145 | D        | Received a gift from Trog
  5148 | D        | Noticed a sphinx
  5150 | D        | Noticed a shadow dragon
  5154 | D        | Killed a sphinx
  5154 | D        | Reached XP level 17. HP: 119/139 MP: 17/17
  5211 | D        | Received a gift from Trog
  5211 | D        | Reached skill level 15 in Dodging
  5277 | D        | Noticed a golden dragon
  5277 | D        | Noticed an ancient lich
  5305 | D        | Killed an ancient lich
  5316 | D        | Received a gift from Trog
  5319 | D        | Killed a golden dragon
  5421 | D        | Got a silver rune of Zot
  5429 | D        | Noticed Boris
  5443 | D        | Killed Boris
  5443 | D        | Received a gift from Trog
  5476 | D        | Noticed Louise
  5489 | D        | Killed Louise
  5501 | D        | Noticed Mara
  5505 | D        | Noticed HoaS's illusion
  5542 | D        | Noticed HoaS's illusion
  5570 | D        | Noticed HoaS's illusion
  5596 | D        | Killed Mara
  5635 | D        | Got the ring "Daxko" {AC+4 Int+2}
  5637 | D        | Got the ring "Qotaxus" {*Drain MR+ Str+2 Int+5 SInv}
  5641 | D        | Got the ring "Zeusiv" {Fire +Blink Int+2 Dex-2 SInv}
  5643 | D        | Got the ring of Jukeinuhass {Int+2 SInv Stlth+}
  5645 | D        | Got the ring "Zoerphuf" {rElec rF+++ rC- MR+ Int+8}
  5647 | D        | Found the +5 demon whip "Spellbinder" {antimagic, MR+}
  5723 | D        | Noticed Margery
  5725 | D        | Received a gift from Trog
  5758 | D        | Killed Margery
  5836 | D        | Received a gift from Trog
  5872 | D        | Noticed Sojobo
  5901 | D        | Killed Sojobo
  5901 | D        | Received a gift from Trog
  5901 | D        | Reached XP level 18. HP: 67/145 MP: 18/18
  6080 | D        | Noticed a golden dragon
  6109 | D        | Killed a golden dragon
  6112 | D        | Received a gift from Trog
  6131 | D        | Noticed a golden dragon
  6131 | D        | Noticed a bone dragon
  6144 | D        | Killed a bone dragon
  6166 | D        | Killed a golden dragon
  6177 | D        | Received a gift from Trog
  6201 | D        | Reached skill level 27 in Dodging
  6211 | D        | Received a gift from Trog
  6211 | D        | Reached skill level 5 in Stealth
  6261 | D        | Noticed a tentacled monstrosity
  6271 | D        | Reached skill level 10 in Stealth
  6275 | D        | Killed a tentacled monstrosity
  6278 | D        | Received a gift from Trog
  6335 | D        | Reached skill level 15 in Stealth
  6342 | D        | Received a gift from Trog
  6435 | D        | Noticed a tentacled monstrosity
  6436 | D        | Noticed a curse toe
  6440 | D        | Noticed a quicksilver dragon
  6444 | D        | Received a gift from Trog
  6448 | D        | Killed a curse toe
  6459 | D        | Killed a tentacled monstrosity
  6462 | D        | Reached XP level 19. HP: 91/151 MP: 19/19
  6470 | D        | Received a gift from Trog
  6587 | D        | Noticed a tentacled monstrosity
  6587 | D        | Noticed a golden dragon
  6589 | D        | Noticed a tentacled monstrosity
  6596 | D        | Killed a golden dragon
  6601 | D        | Killed a tentacled monstrosity
  6625 | D        | Killed a tentacled monstrosity
  6634 | D        | Received a gift from Trog
  6756 | D        | Reached skill level 27 in Stealth
  6761 | D        | Received a gift from Trog
  6774 | D        | Reached skill level 10 in Evocations
  6836 | D        | Received a gift from Trog
  6841 | D        | Reached skill level 15 in Evocations
  6863 | D        | Received a gift from Trog
  6934 | D        | Noticed an ancient lich
  6942 | D        | Paralysed by an ancient lich for 2 turns
  6945 | D        | Killed an ancient lich
  7003 | D        | Noticed an orb of fire
  7011 | D        | Gained mutation: You are dopey. (Int -2) [an orb of fire]
  7017 | D        | Killed an orb of fire
  7017 | D        | Received a gift from Trog
  7075 | D        | Noticed an electric golem
  7077 | D        | Killed an electric golem
  7077 | D        | Reached XP level 20. HP: 157/157 MP: 34/34
  7079 | D        | Noticed an electric golem
  7079 | D        | Noticed an electric golem
  7083 | D        | Noticed an electric golem
  7084 | D        | Killed an electric golem
  7091 | D        | Killed an electric golem
  7091 | D        | Noticed an orb of fire
  7101 | D        | Received a gift from Trog
  7101 | D        | Noticed an ancient lich
  7102 | D        | Gained mutation: You are weak. (Str -2) [an orb of fire]
  7110 | D        | Killed an orb of fire
  7121 | D        | Killed an ancient lich
  7156 | D        | Noticed a golden dragon
  7157 | D        | Noticed an electric golem
  7166 | D        | Received a gift from Trog
  7181 | D        | Killed a golden dragon
  7186 | D        | Killed an electric golem
  7189 | D        | Killed an electric golem
  7189 | D        | Reached skill level 27 in Evocations
  7252 | D        | Received a gift from Trog
  7256 | D        | Reached skill level 10 in Throwing
  7263 | D        | Received a gift from Trog
  7287 | D        | Reached skill level 15 in Throwing
  7296 | D        | Received a gift from Trog
  7505 | D        | Noticed an ancient lich
  7512 | D        | Noticed an ancient lich
  7514 | D        | Received a gift from Trog
  7516 | D        | Received a gift from Trog
  7517 | D        | Noticed a Brimstone Fiend
  7532 | D        | Noticed a Tzitzimitl
  7537 | D        | Noticed a Brimstone Fiend
  7537 | D        | Killed an ancient lich
  7537 | D        | Received a gift from Trog
  7537 | D        | Reached XP level 21. HP: 82/163 MP: 38/38
  7538 | D        | Paralysed by a vampire knight for 5 turns
  7549 | D        | Received a gift from Trog
  7561 | D        | Killed an ancient lich
  7561 | D        | Received a gift from Trog
  7563 | D        | Received a gift from Trog
  7568 | D        | Received a gift from Trog
  7685 | D        | Received a gift from Trog
  7729 | D        | Received a gift from Trog
  7735 | D        | Received a gift from Trog
  7762 | D        | Received a gift from Trog
  7795 | D        | Received a gift from Trog
  7823 | D        | Received a gift from Trog
  7824 | D        | Received a gift from Trog
  7829 | D        | Got an elven rune of Zot
  7890 | D        | Received a gift from Trog
  8060 | D        | Paralysed by a floating eye for 3 turns
  8063 | D        | Noticed the Royal Jelly
  8068 | D        | Received a gift from Trog
  8085 | D        | Killed the Royal Jelly
  8085 | D        | Reached skill level 27 in Throwing
  8213 | D        | Received a gift from Trog
  8236 | D        | Got a slimy rune of Zot
  8440 | D        | Received a gift from Trog
  8453 | D        | Received a gift from Trog
  8458 | D        | Received a gift from Trog
  8468 | D        | Reached XP level 22. HP: 112/169 MP: 39/39
  8477 | D        | Received a gift from Trog
  8487 | D        | Received a gift from Trog
  8507 | D        | Paralysed by a sphinx for 5 turns
  8612 | D        | Received a gift from Trog
  8633 | D        | Received a gift from Trog
  8647 | D        | Noticed a greater mummy
  8664 | D        | Killed a greater mummy
  8664 | D        | Received a gift from Trog
  8716 | D        | Noticed a greater mummy
  8716 | D        | Noticed a greater mummy
  8716 | D        | Noticed a greater mummy
  8723 | D        | Received a gift from Trog
  8729 | D        | Killed a greater mummy
  8738 | D        | Killed a greater mummy
  8857 | D        | Killed a greater mummy
  8857 | D        | Received a gift from Trog
  8941 | D        | Received a gift from Trog
  9010 | D        | Got a golden rune of Zot
  9027 | D        | Received a gift from Trog
  9060 | D        | Got an abyssal rune of Zot
  9270 | D        | Noticed Geryon
  9280 | D        | Killed Geryon
  9280 | D        | Received a gift from Trog
  9284 | D        | Noticed Lom Lobon
  9284 | D        | Noticed Gloorx Vloq
  9284 | D        | Noticed Cerebov
  9297 | D        | Noticed Asmodeus
  9299 | D        | Killed Gloorx Vloq
  9328 | D        | Killed from afar by Asmodeus

Skill      XL: |  1  2  3  4  5  6  7  8  9 10 11 12 13 14 15 16 17 18 19 20 21 |
---------------+----------------------------------------------------------------+-----
Fighting       | 5 7 10 11 13 15 17 19 21 23 25 27 | 27.0
Armour         | 3 5 7 8 10 11 12 14 15 17 19 22 27 | 27.0
Unarmed Combat | 5 6 9 11 12 14 16 17 19 22 24 27 | 27.0
Dodging        | 14 23 27 | 27.0
Stealth        | 21 27 | 27.0
Evocations     | 21 27 | 27.0
Throwing       | 20 27 | 27.0
Spellcasting   | 4 |  4.2

Action                   |  1- 3 |  4- 6 |  7- 9 | 10-12 | 13-15 | 16-18 | 19-21 | 22-24 || total
-------------------------+-------+-------+-------+-------+-------+-------+-------+-------++-------
Melee: Unarmed           |    37 |    38 |    76 |   246 |   390 |   564 |   544 |   191 ||  2086
       Punch             |       |       |     5 |    25 |    52 |    88 |    86 |    29 ||   285
Throw: Tomahawk          |       |       |       |     1 |       |       |       |       ||     1
Invok: Trog's Hand       |     1 |     1 |     3 |     5 |     7 |     2 |     3 |     2 ||    24
       Berserk           |     1 |       |     2 |     3 |     2 |     1 |     1 |     1 ||    11
       Brothers in Arms  |       |       |       |       |     1 |     3 |     1 |       ||     5
 Abil: Fly               |       |       |       |       |     1 |       |       |       ||     1
  Use: Scroll            |       |       |     2 |     1 |     4 |       |       |       ||     7
       Potion            |       |       |       |       |     3 |     2 |     3 |     3 ||    11
 Stab: Confused          |       |       |       |       |     1 |       |       |       ||     1
       Sleeping          |       |       |       |       |       |       |     2 |     1 ||     3
       Distracted        |       |       |       |       |       |       |       |     1 ||     1
  Eat: Chunk             |       |       |     4 |     8 |    11 |     7 |     3 |     1 ||    34
       Ration            |       |       |       |     1 |       |     1 |     2 |     1 ||     5
Armor: Animal skin       |     5 |     1 |       |       |       |       |       |       ||     6
       Chain mail        |       |    23 |    42 |    68 |       |       |       |       ||   133
       Plate armour      |       |       |       |    88 |   196 |       |       |       ||   284
       Gold dragon scale |       |       |       |       |   103 |   257 |   260 |    68 ||   688
Dodge: Dodged            |    14 |    19 |    24 |    74 |   105 |   215 |   310 |    87 ||   848
